 Dungeon Crawl Stone Soup version 0.21-a0-641-geef9d7f (webtiles) character file.

574 AnStar the Cudgeler (level 7, -2/58 HPs)
             Began as a Hill Orc Gladiator on Dec 30, 2017.
             Was an Initiate of Okawaru.
             Slain by a phantom (4 damage)
             ... on level 5 of the Dungeon on Dec 31, 2017.
             The game lasted 01:07:58 (3659 turns).

AnStar the Cudgeler (Hill Orc Gladiator)            Turns: 3659, Time: 01:08:04

Health: -2/58      AC:  8    Str: 19    XL:     7   Next: 34%
Magic:  7/7        EV: 11    Int:  8    God:    Okawaru [......]
Gold:   195        SH:  0    Dex: 12    Spells: 6/6 levels left

rFire    . . .     SeeInvis .   a - +0 flail
rCold    . . .     Gourm    .   (no shield)
rNeg     . . .     Faith    .   m - +0 scale mail
rPois    .         Spirit   .   c - +0 helmet
rElec    .         Reflect  .   (no cloak)
rCorr    .         Harm     .   (no gloves)
MR       .....                  (no boots)
Stlth    ..........             (no amulet)
HPRegen  0.19/turn              q - +1 ring of protection
MPRegen  0.10/turn              (no ring)

@: about to teleport, berserk cooldown, slowed, very slow
A: no striking features
a: Renounce Religion


You were on level 5 of the Dungeon.
You worshipped Okawaru.
Okawaru was noncommittal.
You were not hungry.

You visited 1 branch of the dungeon, and saw 5 of its levels.

You collected 195 gold pieces.

Inventory:

Hand Weapons
 a - a +0 flail (weapon)
 j - a +0 hunting sling of flaming
Missiles
 o - 40 sling bullets
Armour
 b - a +0 leather armour
 c - a +0 helmet (worn)
 m - a +0 scale mail (worn)
Jewellery
 q - a +1 ring of protection (left hand)
Wands
 i - a wand of iceblast (4)
 k - a wand of random effects (35)
Scrolls
 e - a scroll of identify
 p - a scroll of remove curse
Potions
 h - a potion of magic
 l - a potion of might {unknown}
 n - a potion of lignification {unknown}
Comestibles
 f - 2 rations


   Skills:
 + Level 3.7 Fighting
 + Level 6.3 Maces & Flails
 + Level 2.0 Throwing
 + Level 3.1 Armour
 + Level 3.4 Dodging
 + Level 1.8 Stealth
 + Level 1.1 Evocations


You had 6 spell levels left.
You didn't know any spells.

Dungeon Overview and Level Annotations

Branches:
Dungeon (5/15)
 Temple: D:4-7

Altars:
Elyvilon
Okawaru

Annotations:
D:5 Pikel


Message History

You feel a strong urge to attack something.
Something barely misses you.
You see here 2 scrolls of identify.
The centaur wields a shortbow.
The centaur shoots an arrow.
The arrow barely misses you.
Found 14 gold pieces.
Things that are here:
an arrow; a scroll of teleportation
d - a scroll of teleportation You feel your anger nearly subside.
You are no longer berserk.
You are exhausted.
You feel yourself slow down. Something bites you but does no damage.
The centaur shoots an arrow.
The arrow barely misses you.
As you read the scroll of teleportation, it crumbles to dust.
You feel strangely unstable. Something bites you.
* * * LOW HITPOINT WARNING * * *
Something bites you.
* * * LOW HITPOINT WARNING * * *
The phantom hits you.
You die...

######
..... #...#
#...# #...#
#...#
#...#######
#.?@.......
#.cWJ......
#..........
###........
#........
#........
$........
.........
.######


You could see a phantom, a centaur and a jelly.

Vanquished Creatures
  Grinder (D:4)
  Sigmund (D:3)
  A slave (D:4)
  Natasha (twice) (D:3)
  4 worker ants
  A gnoll (D:1)
  3 adders
  3 orcs (D:3)
  3 giant cockroaches (D:2)
  3 hobgoblins
  2 jackals (D:2)
  2 quokkas (D:2)
  6 bats
  8 frilled lizards
  A goblin (D:2)
  4 kobolds
  A leopard gecko skeleton (D:4)
  6 rats
52 creatures vanquished.

Notes
Turn   | Place    | Note
-------+----------+-------------------------------------------
     0 | D:1      | AnStar the Hill Orc Gladiator began the quest for the Orb.
     0 | D:1      | Reached XP level 1. HP: 18/18 MP: 1/1
   345 | D:1      | Reached XP level 2. HP: 11/25 MP: 2/2
   784 | D:2      | Reached XP level 3. HP: 23/30 MP: 3/3
  1247 | D:2      | Reached skill level 4 in Maces & Flails
  1548 | D:3      | Reached skill level 1 in Armour
  1548 | D:3      | Reached XP level 4. HP: 19/37 MP: 4/4
  1890 | D:3      | Noticed Sigmund
  1893 | D:3      | Killed Sigmund
  1893 | D:3      | Reached skill level 5 in Maces & Flails
  1893 | D:3      | Reached skill level 1 in Stealth
  1893 | D:3      | Reached XP level 5. HP: 45/45 MP: 5/5
  1893 | D:3      | Reached XP level 6. HP: 51/51 MP: 6/6
  1997 | D:3      | Noticed Natasha
  2006 | D:3      | Killed Natasha
  2608 | D:3      | Noticed Natasha
  2610 | D:3      | Killed Natasha
  2764 | D:4      | Noticed Grinder
  2779 | D:4      | Killed Grinder
  2779 | D:4      | Reached skill level 6 in Maces & Flails
  2779 | D:4      | Reached skill level 1 in Evocations
  2779 | D:4      | Reached XP level 7. HP: 20/58 MP: 7/7
  3336 | D:4      | Found a white marble altar of Elyvilon.
  3336 | D:4      | Found an iron altar of Okawaru.
  3341 | D:4      | Became a worshipper of Warmaster Okawaru
  3606 | D:4      | Noticed Pikel
  3646 | D:5      | Entered Level 5 of the Dungeon
  3659 | D:5      | HP: 2/58 [something (1)]
  3659 | D:5      | Slain by a phantom

Vault maps used:
D:1:      dpeg_arrival_leaves_temple_mockup
D:3:      uniq_sigmund, uniq_crazy_yiuf_cottage, uniq_natasha
D:4:      gammafunk_temple_overflow_wave, uniq_grinder, uniq_pikel
D:5:      first_ration, hangedman_decor_peaks_small, uniq_eustachio

Skill      XL: |  1  2  3  4  5  6 |
---------------+-------------------+-----
Maces & Flails | 4 5 6 |  6.3
Armour         | 1 2 3 |  3.1
Fighting       | 3 |  3.7
Throwing       | 2 |  2.0
Dodging        | 3 |  3.4
Stealth        | 1 |  1.8
Evocations     | 1 |  1.1

Action                   |  1- 3 |  4- 6 |  7- 9 || total
-------------------------+-------+-------+-------++-------
Melee: Flail             |    83 |    57 |    54 ||   194
Throw: Throwing net      |     3 |       |     1 ||     4
Evoke: Wand              |       |     5 |     6 ||    11
  Use: Scroll            |     6 |     2 |     2 ||    10
       Potion            |       |       |     1 ||     1
 Stab: Sleeping          |     1 |       |       ||     1
  Eat: Ration            |     1 |     1 |     1 ||     3
Armor: Leather armour    |    31 |     1 |       ||    32
       Scale mail        |       |    16 |    32 ||    48
Dodge: Dodged            |    73 |    36 |    37 ||   146

Table legend:
 A = Spawn XP
 B = Non-spawn XP
 C = Spawn XP percentage of total XP
 D = Spawn monster count
 E = Non-spawn monster count
 F = Spawn count percentage of total count
 G = Total turns spent on level
                    A         B        C        D         E        F      G
               +---------+---------+-------+---------+---------+-------+---------
         Total |       0 |     820 |   0.0 |       0 |      51 |   0.0 |  3659
               +---------+---------+-------+---------+---------+-------+---------
           D:1 |       0 |      22 |   0.0 |       0 |       7 |   0.0 |   364
           D:2 |       0 |      41 |   0.0 |       0 |      18 |   0.0 |  1151
           D:3 |       0 |     371 |   0.0 |       0 |      19 |   0.0 |  1244
           D:4 |       0 |     386 |   0.0 |       0 |       7 |   0.0 |   887
               +---------+---------+-------+---------+---------+-------+---------
